 Dungeon Crawl Stone Soup version 0.16.1-51-g6203257 (webtiles) character file.

192 uhvn the Sneak (level 5, -2/28 HPs)
             Began as a Vine Stalker Assassin on July 8, 2015.
             Slain by a gnoll
             ... wielding a +0 flail
              (6 damage)
             ... on level 3 of the Dungeon.
             The game lasted 00:14:39 (2260 turns).

uhvn the Sneak (Vine Stalker Assassin)              Turns: 2260, Time: 00:14:39

Health: -2/28      AC:  3    Str: 14    XL:     5   Next: 71%
Magic:  0/7        EV: 13    Int: 11    God:
Gold:   188        SH:  0    Dex: 16    Spells: 0 memorised, 4 levels left

rFire  . . .     SeeInvis .     k - +1 dagger (drain)
rCold  . . .     Clarity  .     c - +0 robe
rNeg   . . .     SustAb   .     (no shield)
rPois  .         Gourm    .     (no helmet)
rElec  .         Spirit   +     E - +0 cloak
rCorr  .         Warding  .     (no gloves)
rMut   .         Stasis   .     (no boots)
MR     .....                    (no amulet)
Stlth  +++.......               (no ring)
                                (no ring)

@: starving, not resistant to hostile enchantments, fairly stealthy
A: fangs 2, regeneration 1, magic shield, antimagic bite, no device heal 3, rot
immunity
a: no special abilities


You were on level 3 of the Dungeon.
You were starving.

You visited 1 branch of the dungeon, and saw 4 of its levels.

You collected 188 gold pieces.

Inventory:

Hand weapons
 a - a +2 dagger
 b - a +0 blowgun
 f - a +3 quarterstaff of chaos
 i - a +1 dagger of venom
 k - a +1 dagger of draining (weapon)
Missiles
 e - 38 poisoned needles
 F - 2 curare-tipped needles
Armour
 c - a +0 robe (worn)
 d - a +0 cloak
 E - a +0 cloak (worn)
Jewellery
 y - an uncursed ring of wizardry {unknown}
 C - an uncursed amulet of clarity {unknown}
Scrolls
 j - 5 scrolls of immolation {unknown}
 l - 4 scrolls of fog {unknown}
 m - a scroll of identify {unknown}
 n - 3 scrolls of noise {unknown}
 q - a scroll of magic mapping {unknown}
 t - 2 scrolls of teleportation {unknown}
 u - 3 scrolls of recharging {unknown}
 w - a scroll of fear {unknown}
 x - a scroll of random uselessness {unknown}
Potions
 h - 5 potions of curing {unknown}
 o - 2 potions of heal wounds {unknown}
 v - 2 potions of agility {unknown}
 z - a potion of poison {unknown}
 A - 3 potions of mutation {unknown}
 B - 2 potions of haste {unknown}
Books
 p - a book of Summonings

   Spells                             Type                      Level
   a - Abjuration                     Summoning                    3
   b - Recall                         Summoning/Translocation      3
   c - Shadow Creatures               Summoning                    5
   d - Summon Demon                   Summoning                    5
   e - Summon Forest                  Summoning/Translocation      5
   f - Monstrous Menagerie            Summoning                    6
 D - a book of Dreams

   Spells                             Type                      Level
   a - Ensorcelled Hibernation        Hexes/Ice                    2
   b - Flight                         Charms/Air                   3
   c - Phase Shift                    Translocation                5
   d - Shadow Creatures               Summoning                    5
   e - Mass Confusion                 Hexes                        6
   f - Darkness                       Hexes                        7
Comestibles
 g - a bread ration
 r - 4 fruits
 s - 2 slices of pizza


   Skills:
 * Level 2.8 Fighting
 + Level 2.2 Short Blades
 - Level 1.7 Throwing
 + Level 2.1 Dodging
 + Level 6.6 Stealth
 - Level 1.1 Unarmed Combat


You had 4 spell levels left.
You didn't know any spells.

Dungeon Overview and Level Annotations

Branches:
Dungeon (4/15)             Temple (0/1) D:4

Altars:
The Shining One


Innate Abilities, Weirdness & Mutations

You have extremely sharp teeth.
Your natural rate of healing is unusually fast.
When hurt, damage is shared between your health and your magic reserves.
Your bite disrupts and absorbs the magic of your enemies.
Potions and wands cannot restore your health.
You are immune to rotting.


Message History

You are starving!
The gnoll hits you with a flail.
* * * LOW HITPOINT WARNING * * *
The gnoll closely misses you.
You hit the gnoll. You bite the gnoll. You drain its power.
You feel invigorated.
The gnoll is heavily wounded.
The gnoll hits you with a flail.
* * * LOW HITPOINT WARNING * * *
The gnoll barely misses you.
You barely miss the gnoll.
The gnoll is heavily wounded.
The gnoll closely misses you.
You hit the gnoll but do no damage. You drain the gnoll!
The gnoll is severely wounded.
The gnoll closely misses you.
You closely miss the gnoll.
The gnoll is severely wounded.
The gnoll hits you with a flail!
You die...

#...............<# #######
#...####..####)#.###
#.....######.## #..###.......
##''##..##....# #.......#.##.
##....##..#.#### ######.##.##.
##......##...# ####....##.
#........#.### #.......##.
#....)...#.# ########.##.......
#........#.# #@[....#.##.##.###
#........#.#####gg....#.##....#
##......##.....#......#.#####.#
##....###.###.#......#.#####.#
##''##.#.###.#...[..#.<.....#
#..##.#..##.#......#######.#
#.....##.##.####.#########.#
#####.##.##.# #.#.......(.#
#.......## #....########


You could see 2 gnolls.

Vanquished Creatures
  Crazy Yiuf (D:3)
  Jessica (D:3)
  Terence (D:3)
  3 adders
  A giant mite (D:3)
  4 worms
  A giant gecko (D:2)
  5 orcs (D:3)
  A ball python (D:3)
  7 bats
  6 giant cockroaches
  9 goblins
  5 hobgoblins
  6 jackals
  A giant gecko skeleton (D:4)
  5 giant newts
  A jackal zombie (D:4)
  8 kobolds
  A quokka (D:2)
  4 rats
71 creatures vanquished.

Notes
Turn   | Place    | Note
--------------------------------------------------------------
     0 | D:1      | uhvn, the Vine Stalker Assassin, began the quest for the Orb.
     0 | D:1      | Reached XP level 1. HP: 11/11 MP: 1/1
    12 | D:1      | Reached skill level 5 in Stealth
    55 | D:1      | Reached XP level 2. HP: 9/15 MP: 3/3
   560 | D:2      | Reached XP level 3. HP: 12/18 MP: 0/4
   715 | D:2      | Reached skill level 1 in Dodging
   804 | D:2      | Found a glowing golden altar of the Shining One.
  1045 | D:3      | Reached XP level 4. HP: 23/23 MP: 5/5
  1188 | D:3      | Noticed Jessica
  1194 | D:3      | Killed Jessica
  1194 | D:3      | Reached skill level 6 in Stealth
  1230 | D:3      | Reached skill level 1 in Unarmed Combat
  1393 | D:3      | Noticed Terence
  1425 | D:3      | Killed Terence
  1425 | D:3      | Reached XP level 5. HP: 23/27 MP: 7/7
  1643 | D:3      | Noticed Crazy Yiuf
  1654 | D:3      | Killed Crazy Yiuf
  2209 | D:4      | Found a staircase to the Ecumenical Temple.
  2260 | D:3      | Slain by a gnoll

Action                   |  1- 3 |  4- 6 || total
-------------------------+-------+-------++-------
Melee: Dagger            |    85 |   112 ||   197
 Fire: Blowgun           |       |     3 ||     3
 Stab: Sleeping          |    10 |     5 ||    15
       Distracted        |       |     1 ||     1
  Eat: Chunk             |       |     3 ||     3
